 Dungeon Crawl Stone Soup version 0.22.0-49-gab54619 (webtiles) character file.

40 Merlin the Digger (level 3, -1/27 HPs)
             Began as a Hill Orc Earth Elementalist on Sept 7, 2018.
             Slain by a kobold
             ... wielding a +0 whip
              (3 damage)
             ... on level 2 of the Dungeon.
             The game lasted 00:07:24 (1631 turns).

Merlin the Digger (Hill Orc Earth Elementalist)     Turns: 1631, Time: 00:07:24

Health: -1/27      AC:  3    Str: 15    XL:     3   Next: 50%
Magic:  3/6        EV: 12    Int: 16    God:
Gold:   58         SH:  0    Dex: 11    Spells: 2/6 levels left

rFire    . . .     SeeInvis .   k - +0 spear
rCold    . . .     Gourm    .   (no shield)
rNeg     . . .     Faith    .   c - +0 robe
rPois    .         Spirit   .   e - +0 helmet
rElec    .         Reflect  .   (no cloak)
rCorr    .         Harm     .   (no gloves)
MR       .....                  (no boots)
Stlth    ++........             (no amulet)
HPRegen  0.09/turn              a - ring of wizardry
MPRegen  0.10/turn              (no ring)

@: mighty
A: no striking features
a: no special abilities


You were on level 2 of the Dungeon.
You were not hungry.

You visited 1 branch of the dungeon, and saw 2 of its levels.

You collected 58 gold pieces.

Inventory:

Hand Weapons
 f - a +0 dagger
 k - a +0 spear (weapon)
 o - a +2 dagger of draining
Missiles
 b - 17 stones (quivered)
Armour
 c - a +0 robe (worn)
 e - a +0 helmet (worn)
Jewellery
 a - a ring of wizardry (left hand)
Scrolls
 h - 4 scrolls of remove curse {unknown}
 i - 2 scrolls of enchant armour {unknown}
 l - a scroll of amnesia {unknown}
Potions
 g - a potion of degeneration {unknown}
Comestibles
 d - 5 rations
 n - 3 chunks of flesh


   Skills:
 + Level 0.6 Fighting
 + Level 0.4 Polearms
 - Level 1.6 Dodging
 - Level 1.6 Stealth
 + Level 2.0 Spellcasting
   Level 0.6 Transmutations
 + Level 3.8 Earth Magic


You had 2 spell levels left.
You knew the following spells:

 Your Spells              Type           Power        Failure   Level  Hunger
a - Sandblast             Erth           ##....       1%          1    #......
b - Stone Arrow           Conj/Erth      #.....       12%         3    ###....

Your spell library contained the following spells:

 Spells                   Type           Power        Failure   Level  Hunger
 Passwall                 Tmut/Erth      #.......     5%          2    ###....
 Petrify                  Tmut/Erth      #.......     32%         4    #####..
 Lee's Rapid Deconstruct  Erth           ##........   41%         5    ######.


Dungeon Overview and Level Annotations

Branches:
Dungeon (2/15)

Altars:


Message History

You closely miss the orc.
The orc is moderately wounded.
The kobold completely misses you. Something hits you.
The goblin hits you with a club. The orc hits you with a dagger.
* * * LOW HITPOINT WARNING * * *
You completely miss the orc.
The orc is moderately wounded.
The kobold hits you with a whip.
* * * LOW HITPOINT WARNING * * *
Something hits you but does no damage. The goblin hits you but does no damage.
The orc barely misses you.
You hit the orc.
The orc is moderately wounded.
The kobold barely misses you. Something hits you.
* * * LOW HITPOINT WARNING * * *
The goblin misses you. The orc hits you but does no damage.
You closely miss the orc.
The orc is moderately wounded.
The kobold hits you with a whip.
You die...

..#.#.......#.P$$$P.#
...###.###.#.P$$$P.#
...##.###.#.PPPPP##
#................#
###....#...........#
........((.........#
####................#
#......)..{.........#
.###....bg@.......##
#$...##.Ko...#####
....... ##......##
....... #...#...#
.......
###.#...##########
..<....
#........#.....##
.......
###.....).......#
..(....
#...............
#...............


You could see an orc, a goblin, a bat and a kobold.

Vanquished Creatures
  2 oozes
  A dart slug (D:2)
  A leopard gecko (D:1)
  An orc (D:2)
  2 giant cockroaches
  3 goblins
  A hobgoblin (D:1)
  3 bats
  3 frilled lizards
  5 kobolds (D:1)
  6 rats
28 creatures vanquished.

Notes
Turn   | Place    | Note
-------+----------+-------------------------------------------
     0 | D:1      | Merlin the Hill Orc Earth Elementalist began the quest for
                  | the Orb.
     0 | D:1      | Reached XP level 1. HP: 14/14 MP: 3/3
   838 | D:1      | Reached XP level 2. HP: 20/20 MP: 1/4
  1496 | D:2      | Reached XP level 3. HP: 22/26 MP: 5/5
  1553 | D:2      | Learned a level 3 spell: Stone Arrow
  1631 | D:2      | Slain by a kobold

Skill      XL: |  1  2  3 |
---------------+----------+-----
Spellcasting   | 2 |  2.0
Fighting       | |  0.6
Polearms       | |  0.4
Dodging        | |  1.6
Stealth        | |  1.6
Transmutations | |  0.6
Earth Magic    | |  3.8

Action                   || total
-------------------------++-------
Melee: Unarmed           ||    36
       Dagger            ||    21
       Spear             ||    87
 Cast: Sandblast         ||    20
       Stone Arrow       ||     1
  Use: Potion            ||     2
 Stab: Sleeping          ||     2
  Eat: Chunk             ||     3
Armor: Robe              ||    36
Dodge: Dodged            ||   104
